 Dungeon Crawl Stone Soup version 0.29-a0-360-g8ed1089bbe (webtiles) character file.

Game seed: 1456931459199579024

414993 ders the Sorcerer (level 24, -5/197 HPs)
             Began as a Djinni Conjurer on Apr 22, 2022.
             Was a High Priest of Ashenzari.
             Slain by a spark wasp (16 damage)
             ... on level 2 of the Depths on Apr 28, 2022.
             The game lasted 02:12:51 (50550 turns).

ders the Sorcerer (Djinni Conjurer)                Turns: 50550, Time: 02:12:52

Health: -5/197     AC: 29    Str: 13    XL:     24   Next: 34%
Gold:   2031       EV:  6    Int: 39    God:    Ashenzari [*****.] SH: 11 Dex: 14

rFire   + + .      SeeInvis +   H - staff of conjuration (curse) {Self, Melee}
rCold   x . .      Faith    .   k - +3 warlock's mirror {reflect, Melee, Self} (curse)
rNeg    . . .      Spirit   .   B - +0 crystal plate armour of Negligence {Rampage}
rPois   ∞          Reflect  +   T - +0 helmet of the Wild Blue Yonder {Int+3, Melee, Self} (curse)
rElec   .          Harm     .   w - +1 cloak of the All-seeing Repose {Cun, Self} (curse)
rCorr   .          Rampage  +   (no gloves)
Will    ++...      Clarity  +   (boots unavailable)
Stlth   ..........              P - amulet of Ashenzari's Prison {Regen+, Fort, Self} (curse)
HPRegen 1.22/turn               s - ring "Gaze Upon Infinity" {Wiz, Self, Evo} (curse)
MPRegen 0.00/turn               a - ring of the Fated Prison {Str+7 Int+6, Self, Melee} (curse)

@: flying, studying 5 skills
A: sickness immunity, fire resistance 2, cold vulnerability 1, float, innate
caster, HP casting, extra vitality 1
}: 3/15 runes: barnacled, silver, gossamer
a: Renounce Religion, Curse Item, Shatter the Chains


You were on level 2 of the Depths.
You worshipped Ashenzari.
Ashenzari was extremely pleased with you.
You visited 8 branches of the dungeon, and saw 39 of its levels.
You visited the Abyss 1 time.
You also visited: Trove and Gauntlet.

You collected 5195 gold pieces.
You spent 3164 gold pieces at shops.

Inventory:

Missiles
 A - a throwing net (quivered)
Armour
 k - the cursed +3 warlock's mirror (worn) {reflect, Melee, Self}
   (You acquired it on level 9 of the Dungeon)

   It can block and reflect piercing ranged attacks and magical attacks against
   the wielder's willpower.
   It has a curse which improves the following skills: Melee Combat: Short
   Blades, Long Blades, Axes, Maces & Flails, Polearms, Staves and Unarmed
   Combat.
   Introspection: Fighting and Spellcasting.
 w - the cursed +1 cloak of the All-seeing Repose (worn) {Cun, Self}
   (You found it on level 6 of the Dungeon)

   It has a curse which improves the following skills: Cunning: Dodging and
   Stealth.
   Introspection: Fighting and Spellcasting.
 B - the +0 crystal plate armour of Negligence (worn) {Rampage}
   (You acquired it on level 13 of the Dungeon)

   Rampage:   It bestows one free step when moving towards enemies.
 C - a +2 cloak
 N - the +2 robe "Rohomol" {rN++ Int+4 SInv Stlth-}
   (You found it on level 1 of the Lair of Beasts)

   Int:       It affects your intelligence (+4).
   rN:        It greatly protects you from negative energy.
   SInv:      It lets you see invisible.
   Stlth:     It makes you less stealthy.
 T - the cursed +0 helmet of the Wild Blue Yonder (worn) {Int+3, Melee, Self}
   (You found it on level 6 of the Lair of Beasts)

   It has a curse which improves the following skills: Melee Combat: Short
   Blades, Long Blades, Axes, Maces & Flails, Polearms, Staves and Unarmed
   Combat.
   Introspection: Fighting and Spellcasting.
 V - +0 storm dragon scales
 W - a +1 robe of resistance
 Y - a scarf of repulsion
Magical Staves
 H - a cursed staff of conjuration (weapon) {Self, Melee}
Jewellery
 a - the cursed ring of the Fated Prison (right hand) {Str+7 Int+6, Self, Melee}
   (You acquired it on level 1 of the Lair of Beasts)

   [ring of intelligence]

   Str:       It affects your strength (+7).
   Int:       It affects your intelligence (+6).
   It has a curse which improves the following skills: Introspection: Fighting
   and Spellcasting.
   Melee Combat: Short Blades, Long Blades, Axes, Maces & Flails, Polearms,
   Staves and Unarmed Combat.
 s - the cursed ring "Gaze Upon Infinity" (left hand) {Wiz, Self, Evo}
   (You took it off a gnoll on level 5 of the Dungeon)

   [ring of wizardry]

   It improves your spell success rate.
   It has a curse which improves the following skills: Introspection: Fighting
   and Spellcasting.
   Evocations: Evocations.
 G - a +4 ring of evasion
 P - the cursed amulet of Ashenzari's Prison (around neck) {Regen+, Fort, Self}
   (You found it on level 4 of the Lair of Beasts)

   [amulet of regeneration]

   Regen:     It increases your rate of health regeneration.
   It has a curse which improves the following skills: Fortitude: Armour and
   Shields.
   Introspection: Fighting and Spellcasting.
 X - a ring of ice
Wands
 p - a wand of charming (6)
 q - a wand of polymorph (3)
 D - a wand of paralysis (2)
 E - a wand of mindburst (27)
 Q - a wand of digging (8)
 S - a wand of iceblast (11)
 Z - a wand of acid (2)
Scrolls
 c - 4 scrolls of magic mapping
 d - 9 scrolls of immolation
 e - 2 scrolls of blinking
 f - 5 scrolls of noise
 i - 6 scrolls of teleportation
 l - 4 scrolls of brand weapon
 r - 7 scrolls of fog
 t - 8 scrolls of enchant weapon
 x - 14 scrolls of enchant armour
 y - 4 scrolls of holy word
 F - 5 scrolls of vulnerability
 J - a scroll of silence
 L - a scroll of summoning
Potions
 b - 4 potions of cancellation
 g - 6 potions of lignification
 h - 9 potions of curing
 j - 8 potions of ambrosia
 m - 8 potions of brilliance
 n - 2 potions of resistance
 o - 10 potions of mutation
 u - 10 potions of attraction
 v - 10 potions of haste
 z - a potion of berserk rage
 K - a potion of heal wounds
 R - 7 potions of might
Miscellaneous
 I - a phantom mirror


   Skills:
 + Level 15.5(23.5) Fighting
 + Level 15.5(17.7) Armour
 + Level 16.8(19.0) Dodging
 + Level 11.8(14.0) Stealth
 + Level 12.9(15.1) Shields
 - Level 21.4(27) Spellcasting


You had 13 spell levels left.
You knew the following spells:

 Your Spells              Type           Power      Damage    Failure   Level
a - Statue Form           Tmut/Erth      88%        N/A       1%          6
b - Iron Shot             Conj/Erth      78%        9d14      1%          6
c - Dazzling Flash        Conj/Hex       100%       N/A       0%          3
d - Fulminant Prism       Conj/Hex       78%        3d32      0%          4
e - Iskenderun's Mystic   Conj/Tloc      100%       2d19      0%          4
f - Sandblast             Erth           100%       2d20      0%          1
g - Corpse Rot            Necr/Air       100%       N/A       0%          2
h - Ignite Poison         Fire/Tmut/Pois 100%       N/A       0%          3
i - Tukima's Dance        Hex            100%       N/A       0%          3
j - Flame Wave            Conj/Fire      100%       2d17      0%          4
k - Summon Forest         Summ/Tloc      66%        N/A       1%          5
l - Conjure Ball Lightni  Conj/Air       78%        3x3d30    1%          6
m - Searing Ray           Conj           100%       2d8       0%          2
n - Magic Dart            Conj           100%       1d8       0%          1
o - Enfeeble              Hex            66%        N/A       1%          7
p - Haunt                 Necr/Summ      66%        N/A       1%          7
Your spell library was empty.

Dungeon Overview and Level Annotations

Branches:
Dungeon (15/15)            Temple (1/1) D:5            Lair (6/6) D:10
 Shoals (4/4) Lair:4       Spider (4/4) Lair:4        Slime (0/5) Lair:5
    Orc (2/2) D:10            Elf (0/3) Orc:2        Vaults (5/5) D:14
  Crypt (0/3) Vaults:3     Depths (2/4) D:15        Gauntlet (visited)

Altars:
Ashenzari
Cheibriados
Dithmenos
Elyvilon
Fedhas
Gozag
Hepliaklqana
Kikubaaqudgha
Makhleb
Nemelex Xobeh
Okawaru
Qazlal
Ru
Sif Muna
Trog
Uskayaw
Vehumet
Wu Jian
Xom
Yredelemnul
Zin
The Shining One
Lugonu

Shops:
D:1 [   D:7 *   D:8 (   D:13 *   Orc:2 ((?*   Shoals:3 =   Vaults:1 (:[*(
Vaults:2 :   Vaults:3 (   Vaults:4 [   Vaults:5 ([==(??!?

Portals:
Hell: Depths:1
Abyss: Depths:2

Annotations:
Lair:3 exclusion: oklob plant
Shoals:1 3 runed translucent doors, ooooo's ghost, journeyman OpCj
Shoals:2 3 runed translucent doors, Nuroishry's ghost, adept TrMo


Innate Abilities, Weirdness & Mutations

You are immune to sickness and miasma.
You are immune to poison.
Your flesh is very heat resistant. (rF++)
You are vulnerable to cold. (rC-)
You float through the air rather than walking.
You learn spells naturally, not from books.
Your magical power is your life essence.
You have superior vitality. (+4 MHP)


Message History

The spark wasp is lightly wounded.
The spark wasp is knocked back by the mystic blast.
The mystic blast hits the spark wasp!!
The spark wasp is heavily wounded.
The spark wasp is knocked back by the mystic blast.
The mystic blast hits the fire dragon!
The fire dragon is lightly wounded.
The mystic blast hits the spark wasp!!
The spark wasp is moderately wounded.
The spark wasp is knocked back by the mystic blast.
You hear a horrible gurgling sound!
The fire dragon bites you.
The fire dragon claws you but does no damage.
You block the fire dragon's attack.
The spark wasp bursts into living lightning!
The living lightning hits you!
The spark wasp blinks!
The spriggan air mage waves its arms in wide circles.
The air twists around and strikes you. The fire dragon breathes flames at you.
The blast of flame hits you! You resist.
* * * LOW HITPOINT WARNING * * *
The spark wasp bursts into living lightning!
Your cursed +3 warlock's mirror {reflect, Melee, Self} reflects the living lightning!
The spark wasp blinks!
There is a stone staircase leading up here.
The spark wasp bursts into living lightning!
The living lightning hits you!!
* * * LOW HITPOINT WARNING * * *
The spark wasp blinks!
The spark wasp bursts into living lightning!
The living lightning hits you!
* * * LOW HITPOINT WARNING * * *
The spark wasp blinks! x2
The spriggan air mage waves its arms in wide circles.
The air twists around and strikes you!
* * * LOW HITPOINT WARNING * * *
The spark wasp stings you.
* * * LOW HITPOINT WARNING * * *
The spark wasp shocks you!
You die...

,* * *** +, ,* { * * , *
,, * * * * #####.. ∆ * ,
, * #######.#... , * ,
*, ##.......#... , ,<*
*, ##...y...###.#, *** ^
, ##...........# ,
##.@y..###.###.# ** ,
##.yD..#∩#.#∩#... , , *
##.....###.######* , *
...........∩....# * * *
*,..........###.###...,,
, , ..§.§..i..#∩#.#∩##..
, , *
..........###.####+# *
,, ...§............,, **
, * ...=...##.....# ,,,
*


You could see a fire dragon (catching breath), 3 spark wasps and a spriggan air
mage (repels missiles).

Vanquished Creatures
  3 dread liches (Vaults:5)
  Margery (Vaults:4)
  A bone dragon (Abyss:2)
  Arachne (Spider:4)
  A tentacled monstrosity (Vaults:5)
  Mlioglotl (Spider:2)
  A Hell Sentinel (Abyss:2)
  Rupert (Spider:1)
  A titan (Vaults:5)
  2 krakens (Shoals:1)
  2 quicksilver dragons (Vaults:5)
  6 sphinxes
  3 storm dragons
  Donald (Shoals:2)
  3 tengu reavers (Vaults:5)
  Roxanne (D:14)
  A shadow dragon (Vaults:5)
  3 emperor scorpions (Spider:4)
  Ilsuiw (Shoals:2)
  2 iron dragons
  3 fire giants (Vaults:5)
  3 deep elf sorcerers
  4 ghost moths (Spider:4)
  A frost giant (Vaults:1)
  Louise (Spider:1)
  A juggernaut zombie (Depths:1)
  26 vault wardens
  An orc warlord (Vaults:2)
  16 ironbound preservers
  6 war gargoyles
  2 caustic shrike skeletons
  A juggernaut skeleton (Depths:1)
  7 stone giants
  18 very ugly things
  7 ironbound thunderhulks
  A broodmother (Spider:1)
  A vampire knight (Depths:1)
  Nessos (D:12)
  A deep elf demonologist (Vaults:5)
  A minotaur (Gauntlet)
  4 spark wasps
  2 entropy weavers
  4 dire elephants (Vaults:1)
  3 deep elf death magi
  Josephine (Spider:1)
  4 ettins
  4 fire dragons
  2 crystal guardians
  7 merfolk impalers
  A deep elf high priest (Vaults:5)
  6 merfolk javelineers
  Fannar (Orc:1)
  16 yaktaur captains
  2 ice dragons (Depths:1)
  8 great orbs of eyes
  11 hydras
  9 boulder beetles
  A juggernaut simulacrum (Depths:1)
  40 vault guards
  4 ogre magi
  3 alligator snapping turtles
  18 two-headed ogres
  10 ironbound frosthearts
  A merfolk avatar (Shoals:2)
  3 catoblepae
  3 radroaches
  2 merfolk aquamancers
  10 centaur warriors
  7 peacekeepers
  3 dancing weapons
  3 tengu warriors
  4 hell hogs (Depths:1)
  A death knight (D:15)
  2 death yaks (Lair:3)
  A satyr (Shoals:3)
  4 deep troll earth magi (Depths:1)
  7 vampire magi
  4 thrashing horrors (Abyss:2)
  An orc high priest (Orc:2)
  3 spriggan berserkers (Depths:1)
  19 slime creatures
  2 soul eaters
  4 sun demons (Depths:1)
  8 hell knights
  2 skeletal warriors (D:15)
  3 pharaoh ants
  A sixfirhy (Abyss:2)
  2 wretched stars (Abyss:2)
  A shadow wraith (Vaults:5)
  14 sea snakes
  3 sun moths
  54 deep trolls
  3 steelbarb worms
  A glowing orange brain (shapeshifter) (Vaults:5)
  A golden dragon zombie (Vaults:5)
  A flayed ghost (Vaults:3)
  An iron troll (Depths:1)
  2 spark wasp zombies (Depths:1)
  17 ironbound convokers
  7 orb spiders
  5 phantasmal warriors (Vaults:5)
  4 glowing orange brains
  A death drake (Gauntlet)
  2 tengu zombies
  12 harpies
  8 wizards
  10 lindwurms
  A harpy (shapeshifter) (D:13)
  A tengu skeleton (Depths:1)
  23 wolf spiders
  A fire giant zombie (Depths:1)
  3 deep elf pyromancers
  3 orc knights (Vaults:5)
  An orc sorcerer (Orc:1)
  7 necromancers
  2 frost giant zombies
  9 manticores
  12 fauns
  2 worldbinders
  40 ugly things
  6 cyclopes
  A stone giant zombie (Depths:1)
  A spectral centaur (Gauntlet)
  3 moths of wrath
  11 black mambas
  2 centaur zombies
  An iron dragon skeleton (D:15)
  4 water nymphs
  8 elephants
  3 molten gargoyles (Lair:6)
  22 vault sentinels
  10 merfolk sirens
  15 cane toads
  4 smoke demons (Depths:1)
  5 torpor snails
  2 gargoyles
  3 rime drakes
  4 kobold demonologists
  7 demonic crawlers
  4 freezing wraiths
  An ancient zyme (Abyss:2)
  10 komodo dragons
  54 yaktaurs
  An efreet (Abyss:2)
  A tengu conjurer (D:13)
  A yaktaur skeleton (Vaults:5)
  11 merfolk
  9 hornets
  3 polar bears
  11 trolls
  3 meliai (Spider:3)
  11 wind drakes
  Grinder (D:4)
  20 dream sheep
  A frost giant simulacrum (Depths:1)
  16 tarantellas
  3 tyrant leeches (Abyss:2)
  31 blink frogs
  9 snapping turtles
  An ettin zombie (D:15)
  A meliai zombie (D:10)
  A flying skull (Vaults:3)
  27 jumping spiders
  7 water elementals
  8 wraiths
  A shadow (D:12)
  A centaur simulacrum (D:14)
  A spriggan skeleton (Depths:1)
  20 culicivoras
  A culicivora (shapeshifter) (Vaults:5)
  4 spriggans
  A fire elemental (Depths:1)
  A yak (shapeshifter) (Vaults:5)
  57 yaks
  7 wyverns
  A neqoxec (Abyss:2)
  41 redbacks
  6 basilisks
  A chaos spawn (Abyss:2)
  A steam dragon (Lair:6)
  14 vampire mosquitoes
  A yaktaur simulacrum (Vaults:4)
  4 wargs
  3 swamp worms (Gauntlet)
  An acid dragon (D:11)
  16 water moccasins
  5 hell hounds (Lair:6)
  Pargi (D:3)
  2 sky beasts (D:8)
  21 orc warriors
  A swamp drake (Lair:2)
  4 black bears (D:7)
  5 starcursed masses (Abyss:2)
  3 boggarts (Gauntlet)
  25 ogres
  8 centaurs
  A centaur (shapeshifter) (D:14)
  22 wolves
  4 kobold brigands
  11 bullfrogs
  4 necrophages
  A gnoll sergeant (D:5)
  4 scorpions
  25 wights
  A small abomination (Abyss:2)
  18 killer bees
  3 electric eels
  2 howler monkeys
  5 lava snakes (Lair:6)
  A quasit (Abyss:2)
  20 orc priests
  2 gnoll shamans
  6 hounds
  5 jellies
  2 iguanas
  19 orc wizards
  13 gnolls
  7 adders
  5 white imps
  An ufetubus (D:5)
  4 dart slugs
  68 orcs
  6 ball pythons
  9 endoplasms
  5 giant cockroaches
  10 goblins
  7 hobgoblins
  5 jackals
  2 quokkas
  5 bats
  5 frilled lizards
  23 kobolds
  6 rats
  10 bushes
  A butterfly (Lair:1)
  4 fulminant prisms
  A snaplasher vine (Spider:1)
  5 tentacles (Shoals:1)
1625 creatures vanquished.

Vanquished Creatures (collateral kills)
  A hydra (Lair:3)
  A boulder beetle (Spider:1)
  An orc knight (Orc:2)
  A torpor snail (Spider:1)
  A wind drake (Shoals:3)
  3 blink frogs (Lair:3)
  A spriggan (Lair:1)
  2 redbacks (Spider:1)
  2 wargs (D:10)
  A black bear (Lair:1)
  An ogre (Orc:2)
  A bullfrog (Lair:3)
  A wight (D:10)
  An orc (D:10)
  2 ball lightnings
20 creatures vanquished.

Vanquished Creatures (others)
  A vault warden (Vaults:2)
  A deep elf death mage (Vaults:5)
  A merfolk aquamancer (Shoals:2)
  A thrashing horror (Abyss:2)
  A deep troll (Vaults:4)
  A lindwurm (Lair:6)
  An elephant (Lair:3)
  A yak (Lair:5)
  A small abomination (Abyss:2)
  38 ball lightnings
  3 bushes
  19 demonic plants
  713 fulminant prisms
  47 fungi
  197 plants
  4 snaplasher vines
  13 tentacles (Shoals:1)
  16 withered plants
1059 creatures vanquished.

Grand Total: 2704 creatures vanquished

Notes
Turn   | Place    | Note
-------+----------+-------------------------------------------
     0 | D:1      | ders the Djinni Conjurer began the quest for the Orb.
     0 | D:1      | Reached XP level 1. HP: 15/15 MP: 0/0
   128 | D:1      | Reached XP level 2. HP: 8/21 MP: 0/0
   391 | D:1      | Found Adoyseuth's Armour Shop.
   692 | D:1      | Found a faded altar of an unknown god.
   750 | D:1      | Reached XP level 3. HP: 23/25 MP: 0/0
   750 | D:1      | Learned a level 1 spell: Sandblast
   995 | D:1      | Reached skill level 4 in Spellcasting
  1644 | D:2      | Reached XP level 4. HP: 23/31 MP: 0/0
  1831 | D:2      | Identified the +2 short sword of Fate {drain, Int+2}
  2264 | D:3      | Found a burning altar of Makhleb.
  2794 | D:3      | Reached XP level 5. HP: 34/35 MP: 0/0
  2794 | D:3      | Learned a level 2 spell: Corpse Rot
  2927 | D:3      | Noticed Pargi
  3431 | D:3      | Killed Pargi
  3432 | D:3      | Reached skill level 5 in Spellcasting
  3432 | D:3      | Reached XP level 6. HP: 15/40 MP: 0/0
  4207 | D:4      | Reached skill level 6 in Spellcasting
  4414 | D:4      | Reached XP level 7. HP: 31/45 MP: 0/0
  4414 | D:4      | Learned a level 3 spell: Ignite Poison
  4775 | D:4      | Noticed Grinder
  4776 | D:4      | Paralysed by Grinder for 4 turns
  4786 | D:4      | Killed Grinder
  5020 | D:5      | Entered Level 5 of the Dungeon
  5044 | D:5      | Found a staircase to the Ecumenical Temple.
  5109 | D:5      | Reached skill level 7 in Spellcasting
  5109 | D:5      | Reached XP level 8. HP: 37/50 MP: 0/0
  5135 | Temple   | Entered the Ecumenical Temple
  5316 | Temple   | Became a worshipper of Ashenzari the Shackled
  5776 | D:5      | Found a sparkling altar of Nemelex Xobeh.
  6153 | D:5      | Found a sacrificial altar of Ru.
  6595 | D:5      | Reached skill level 8 in Spellcasting
  7366 | D:6      | Reached XP level 9. HP: 46/55 MP: 0/0
  7366 | D:6      | Learned a level 3 spell: Tukima's Dance
  7496 | D:6      | Reached skill level 9 in Spellcasting
  8501 | D:7      | Reached skill level 10 in Spellcasting
  8886 | D:7      | Reached XP level 10. HP: 27/60 MP: 0/0
  8915 | D:7      | HP: 3/60 [centaur/arrow (7)]
  9545 | D:7      | Reached skill level 11 in Spellcasting
  9900 | D:7      | Found Peybava's Serpentskin Sales.
  9962 | D:7      | Bought 3 poisoned darts for 16 gold pieces
  9962 | D:7      | Bought 3 poisoned darts for 16 gold pieces
  9962 | D:7      | Bought 3 poisoned darts for 16 gold pieces
 10401 | D:8      | Noticed a deep elf pyromancer
 10414 | D:8      | Killed a deep elf pyromancer
 10584 | D:8      | Reached skill level 12 in Spellcasting
 10893 | D:8      | Found Yppoma's Hydra Hut.
 10895 | D:8      | Noticed a seven-headed hydra
 11040 | D:8      | Noticed a two-headed ogre
 11046 | D:8      | Killed a two-headed ogre
 11047 | D:8      | Reached XP level 11. HP: 58/65 MP: 0/0
 11047 | D:8      | Learned a level 4 spell: Flame Wave
 11779 | D:9      | Noticed a two-headed ogre
 11787 | D:9      | Killed a two-headed ogre
 11788 | D:9      | Reached skill level 13 in Spellcasting
 11932 | D:9      | Noticed a two-headed ogre
 11950 | D:9      | Killed a two-headed ogre
 12280 | D:9      | Reached * piety under Ashenzari
 12280 | D:9      | Identified 2 scrolls of acquirement
 12390 | D:10     | Entered Level 10 of the Dungeon
 12412 | D:10     | Found a staircase to the Orcish Mines.
 12641 | D:9      | Acquired a staff of conjuration
 12644 | D:9      | Acquired the +3 warlock's mirror {reflect}
 12644 | D:9      | Found the +3 warlock's mirror {reflect}
 12846 | D:10     | Found a corrupted altar of Lugonu.
 12859 | D:10     | Reached skill level 14 in Spellcasting
 13310 | D:9      | Reached skill level 15 in Spellcasting
 13310 | D:9      | Reached XP level 12. HP: 64/70 MP: 0/0
 13528 | D:10     | Found a shadowy altar of Dithmenos.
 13539 | D:10     | Reached XP level 13. HP: 71/75 MP: 0/0
 13539 | D:10     | Learned a level 5 spell: Summon Forest
 13728 | D:10     | Found a staircase to the Lair.
 14116 | D:10     | Reached ** piety under Ashenzari
 14812 | D:11     | Reached skill level 16 in Spellcasting
 14906 | D:11     | Found an iron altar of Okawaru.
 15268 | D:11     | Noticed a boulder beetle
 15287 | D:11     | Killed a boulder beetle
 15808 | Lair:1   | Entered Level 1 of the Lair of Beasts
 15822 | D:10     | Reached *** piety under Ashenzari
 16201 | Lair:1   | Identified the +2 robe "Rohomol" {rN++ Int+4 SInv Stlth-}
 16283 | Lair:1   | Acquired the ring "Biukah" {Str+7 Int+6}
 16922 | Lair:1   | Reached skill level 17 in Spellcasting
 18069 | Lair:2   | Reached XP level 14. HP: 68/80 MP: 0/0
 19105 | Lair:3   | Reached skill level 18 in Spellcasting
 21258 | Lair:4   | Reached skill level 19 in Spellcasting
 21620 | Lair:4   | Reached XP level 15. HP: 85/85 MP: 0/0
 21620 | Lair:4   | Learned a level 6 spell: Conjure Ball Lightning
 21792 | Lair:4   | Found a staircase to the Shoals.
 21904 | Lair:4   | Found a hole to the Spider Nest.
 22539 | Lair:5   | Reached skill level 1 in Fighting
 22539 | Lair:5   | Reached skill level 1 in Armour
 22589 | Lair:5   | Found a staircase to the Slime Pits.
 22801 | Lair:5   | Reached **** piety under Ashenzari
 22979 | Lair:6   | Entered Level 6 of the Lair of Beasts
 24180 | Lair:6   | Identified the +1 scale mail "Simeyduss" {rN++ rCorr}
 24204 | Lair:6   | Reached skill level 5 in Dodging
 24221 | Lair:6   | Found a large runed translucent door.
 24221 | Lair:6   | Found a large runed translucent door.
 24591 | Orc:1    | Entered Level 1 of the Orcish Mines
 24639 | Orc:1    | Upgraded the game from 0.29-a0-350-g7790a0e70a to
                  | 0.29-a0-360-g8ed1089bbe
 24765 | Orc:2    | Entered Level 2 of the Orcish Mines
 24851 | Orc:2    | Reached XP level 16. HP: 111/112 MP: 0/0
 24948 | Orc:2    | Identified the +2 short sword "Lamac" {spect, rElec rF-
                  | rCorr Str+3}
 25190 | D:1      | Bought +0 storm dragon scales for 1120 gold pieces
 25516 | Orc:2    | Reached skill level 20 in Spellcasting
 25571 | Orc:2    | Reached skill level 5 in Armour
 25599 | Orc:2    | Reached skill level 5 in Fighting
 25832 | Orc:2    | Found Mish's General Store.
 25835 | Orc:2    | Found Qaraethrule's Antique Weapon Emporium.
 25837 | Orc:2    | Found Utzynyph's Weapon Shop.
 25848 | Orc:2    | Found Meptuat's Magic Scroll Shoppe.
 25856 | Orc:2    | Bought a scroll of teleportation for 36 gold pieces
 25981 | Orc:2    | Found a staircase to the Elven Halls.
 26226 | Orc:1    | Noticed Fannar
 26431 | Orc:1    | Killed Fannar
 26818 | Spider:1 | Entered Level 1 of the Spider Nest
 26896 | Spider:1 | Reached ***** piety under Ashenzari
 26968 | Spider:1 | Noticed Louise
 26981 | Spider:1 | Killed Louise
 27225 | Spider:1 | Noticed Josephine
 27228 | Spider:1 | Killed Josephine
 27242 | Spider:1 | Noticed Rupert
 27250 | Spider:1 | Killed Rupert
 27886 | Spider:2 | Noticed Mlioglotl
 27960 | Spider:2 | Killed Mlioglotl
 27969 | Spider:1 | Reached XP level 17. HP: 55/129 MP: 0/0
 27969 | Spider:1 | Learned a level 6 spell: Iron Shot
 30152 | Spider:4 | Entered Level 4 of the Spider Nest
 30160 | Spider:4 | Noticed Arachne
 30333 | Shoals:1 | Entered Level 1 of the Shoals
 30740 | Shoals:1 | Noticed a kraken
 30771 | Shoals:1 | Killed a kraken
 30954 | Shoals:1 | Noticed a kraken
 30966 | Shoals:1 | Killed a kraken
 31243 | Shoals:1 | Noticed ooooo's ghost (journeyman OpCj)
 31286 | Shoals:1 | Found a runed translucent gate.
 31287 | Shoals:1 | Found a runed translucent gate.
 31288 | Shoals:1 | Found a runed translucent gate.
 31454 | Shoals:2 | Reached skill level 21 in Spellcasting
 31653 | Shoals:2 | Noticed Donald
 31667 | Shoals:2 | Killed Donald
 31668 | Shoals:2 | Reached XP level 18. HP: 89/139 MP: 0/0
 31915 | Shoals:2 | Noticed Ilsuiw
 31922 | Shoals:2 | HP: 6/139 [merfolk javelineer/silver javelin (3)]
 32101 | Shoals:2 | Killed Ilsuiw
 32623 | Shoals:2 | Found a runed translucent gate.
 32623 | Shoals:2 | Found a runed translucent gate.
 32623 | Shoals:2 | Found a runed translucent gate.
 32749 | Shoals:2 | Noticed Nuroishry's ghost (adept TrMo)
 32909 | Shoals:3 | Reached skill level 10 in Dodging
 33877 | Shoals:3 | Found Fiakhiun's Jewellery Boutique.
 34491 | D:12     | Noticed Nessos
 34496 | D:12     | Killed Nessos
 35033 | D:13     | Reached skill level 1 in Shields
 35053 | D:13     | Found a burning altar of Makhleb.
 35100 | D:13     | Found Hecsebilo's Assorted Antiques.
 35108 | D:13     | Bought a phantom mirror for 1360 gold pieces
 35108 | D:13     | Bought a scroll labelled IMPONOCHYI for 34 gold pieces
 35108 | D:13     | Acquired the +0 crystal plate armour of Negligence
                  | {Rampage}
 35511 | D:14     | Identified Roxanne's Compendium of the Rocks
 35511 | D:14     | Noticed Roxanne
 35621 | D:14     | Killed Roxanne
 35786 | D:14     | Found a gate to the Vaults.
 35824 | D:14     | Found a hide-covered altar of Uskayaw.
 36257 | D:15     | Entered Level 15 of the Dungeon
 36348 | D:15     | Found a gate leading to a gauntlet.
 36359 | Gauntlet | Entered a Gauntlet
 36359 | Gauntlet | Found a transporter.
 36359 | Gauntlet | Found a transporter.
 36366 | Gauntlet | Found a transporter.
 36366 | Gauntlet | Found a transporter.
 36380 | Gauntlet | Found a transporter.
 36389 | Gauntlet | Found a transporter.
 36398 | Gauntlet | Found a transporter.
 36399 | Gauntlet | Found a transporter.
 36399 | Gauntlet | Found a transporter.
 36400 | Gauntlet | Identified the ring "Hoilupli" {rCorr Dex+7}
 36404 | Gauntlet | Found a transporter.
 36426 | Gauntlet | Found a transporter.
 36444 | Gauntlet | Found a transporter.
 36479 | Gauntlet | Found a transporter.
 36498 | Gauntlet | Identified the +8 dagger of Qoot {protect, rPois MP+9}
 36499 | Gauntlet | Found a transporter.
 36593 | Gauntlet | Found a transporter.
 36607 | Gauntlet | Found a transporter.
 36819 | Gauntlet | Reached XP level 19. HP: 131/149 MP: 0/0
 36819 | Gauntlet | Learned a level 6 spell: Statue Form
 37030 | D:15     | Reached skill level 10 in Armour
 37092 | D:15     | Reached skill level 10 in Fighting
 37302 | D:15     | Paralysed by an ogre mage for 2 turns
 37389 | D:15     | Identified the +0 helmet "Ejatsiat" {rPois MP+9 Stlth+}
 37392 | D:15     | Found a staircase to the Depths.
 38063 | Spider:4 | Killed Arachne
 38611 | Spider:4 | Reached skill level 5 in Stealth
 38611 | Spider:4 | Reached skill level 5 in Shields
 38956 | Spider:4 | Got a gossamer rune of Zot
 39253 | Shoals:4 | Entered Level 4 of the Shoals
 39378 | Shoals:4 | Got a barnacled rune of Zot
 39733 | Vaults:1 | Entered Level 1 of the Vaults
 39785 | D:14     | Reached XP level 20. HP: 112/160 MP: 0/0
 39978 | Vaults:1 | Found Liopareh's Book Emporium.
 40002 | Vaults:1 | Found Latwooga's Armour Emporium.
 40045 | Vaults:1 | Found Sennon's Antique Weapon Shoppe.
 40252 | Vaults:1 | Found Furela's Assorted Antiques.
 40805 | Vaults:1 | Bought a scroll of teleportation for 87 gold pieces
 40805 | Vaults:1 | Bought a scroll of teleportation for 87 gold pieces
 40842 | Vaults:1 | Found Zyredo Ziufe's Weapon Shoppe.
 42259 | Vaults:2 | Reached XP level 21. HP: 138/168 MP: 0/0
 42259 | Vaults:2 | Learned a level 7 spell: Enfeeble
 42698 | Vaults:2 | Found Lutakio's Book Shop.
 43068 | Vaults:3 | Found a staircase to the Crypt.
 43274 | Vaults:3 | Found Ryrunef's Weapon Shop.
 44166 | Vaults:4 | Noticed Margery
 44176 | Vaults:4 | Killed Margery
 44411 | Vaults:4 | Reached XP level 22. HP: 141/178 MP: 0/0
 44495 | Vaults:4 | Found a portal to a secret trove of treasure.
 44931 | Vaults:4 | Cast into level 2 of the Abyss (a wizard)
 44931 | Abyss:2  | Found a corrupted altar of Lugonu.
 44936 | Abyss:2  | Identified the +5 morningstar "Riosikla" {flame, Int+2
                  | Stlth+}
 45003 | Abyss:2  | Noticed a bone dragon
 45011 | Abyss:2  | Killed a bone dragon
 45114 | Vaults:4 | Escaped the Abyss
 45322 | Vaults:4 | Reached skill level 10 in Shields
 45928 | Vaults:4 | Found Ferri's Antique Armour Boutique.
 45937 | Vaults:4 | Reached skill level 15 in Dodging
 46094 | Vaults:5 | Entered Level 5 of the Vaults
 46210 | Vaults:5 | Noticed a dread lich
 46211 | Vaults:5 | Found Zal Baki's Magic Scroll Emporium.
 46297 | Vaults:5 | Bought a scroll of fear for 56 gold pieces
 46317 | Vaults:5 | Found Jogovel's Magic Scroll Shoppe.
 46331 | Vaults:5 | Found Ezxurch's Magic Scroll Boutique.
 46406 | Vaults:5 | Bought a scroll of magic mapping for 59 gold pieces
 46406 | Vaults:5 | Bought 2 scrolls of teleportation for 102 gold pieces
 46406 | Vaults:5 | Bought a scroll of fear for 59 gold pieces
 46406 | Vaults:5 | Bought a scroll of teleportation for 51 gold pieces
 46417 | Vaults:5 | Found Vuifij's Distillery.
 46422 | Vaults:5 | Bought a potion of heal wounds for 65 gold pieces
 46435 | Vaults:5 | Reached skill level 10 in Stealth
 46931 | Vaults:5 | Reached XP level 23. HP: 176/186 MP: 0/0
 46931 | Vaults:5 | Learned a level 7 spell: Haunt
 46942 | Vaults:5 | Noticed a dread lich
 46948 | Vaults:5 | Killed a dread lich
 46958 | Vaults:5 | Identified the +1 chain mail "Cogarem" {+Blink rF+}
 46987 | Vaults:5 | HP: 4/172 [deep elf death mage/bolt of negative energy
                  | (21)]
 47546 | Vaults:5 | Killed a dread lich
 47923 | Vaults:5 | Found Neatt's Antique Weapon Shop.
 47923 | Vaults:5 | Found Hufolo Sina's Antique Armour Shop.
 48019 | Vaults:5 | Noticed a dread lich
 48080 | Vaults:5 | Killed a dread lich
 48110 | Vaults:5 | Found Giuniowa's Antique Weapon Boutique.
 48121 | Vaults:5 | Found Heufo's Jewellery Shoppe.
 48263 | Vaults:5 | Got a silver rune of Zot
 48644 | Depths:1 | Entered Level 1 of the Depths
 48856 | Depths:1 | Identified the +2 demon trident of the Loving Traitor
                  | {vamp, rCorr Str+4 Dex-4}
 48860 | Depths:1 | Reached skill level 15 in Armour
 48870 | Depths:1 | Reached skill level 15 in Fighting
 48886 | Depths:1 | Reached XP level 24. HP: 44/196 MP: 0/0
 49348 | Vaults:5 | Found Wuafoe's Jewellery Boutique.
 49386 | Vaults:4 | You paid a toll of 7 scrolls of fear to enter a treasure
                  | trove
 49387 | Trove    | Entered a treasure trove
 49705 | Depths:1 | Found a gateway to Hell.
 50082 | Depths:1 | Found a stormy altar of Qazlal.
 50532 | Depths:2 | Found a one-way gate to the infinite horrors of the Abyss.
 50550 | Depths:2 | Slain by a spark wasp

Illustrated notes

Levels and vault maps discovered:
D:1:      minmay_arrival_doors, layout_rooms, serial_shops,
          nicolae_shop_statue_plus, hellmonk_ecumenical_altar_blasted
D:2:      layout_loops_ring
D:3:      layout_basic, mainiacjoe_overflow_boulevard, grunt_decor_junction,
          uniq_pargi
D:4:      layout_loops_ring, st_stairs_7, uniq_grinder
D:5:      layout_loops_cross, mainiacjoe_overflow_tiny_flanked,
          kennysheep_little_box, minmay_temple_entry_mist, minmay_misc_feat_x,
          st_stairs_6
D:6:      layout_loops_ring, mainiacjoe_overflow_alcove_1, st_stairs_8,
          hangedman_decor_clover_reticule
D:7:      layout_gridville, guppyfry_shop_venom
D:8:      layout_loops_cross, doesnt_shop_hydraphobe
D:9:      layout_rooms
D:10:     kennysheep_kobold_lugonu_temple, layout_stronghold,
          grunt_dithmenos_smoke, erik_lair_orcish_takeover, david_orc_3,
          serial_undead, serial_undead_b, serial_undead_f, serial_undead_f,
          serial_undead_d, serial_undead_c, minmay_misc_feat_hallway,
          minmay_misc_feat_doors
D:11:     layout_irregular_city, okawaru_gym_becter
D:12:     layout_basic, uniq_nessos
D:13:     layout_roguey, serial_shops, shop, bloody_makhleb
D:14:     layout_irregular_city, david_vaults_5, nicolae_uskayaw_en_pointe,
          uniq_roxanne
D:15:     gammafunk_depths_entry_grave, layout_stronghold,
          gauntlet_entry_generic, minmay_misc_feat_five
Temple:   minmay_crystal_spiral_temple
Lair:1:   layout_roguey, wad_woods_02, lemuel_fruit_fields
Lair:2:   layout_cave_pods, pond
Lair:3:   layout_concentric_octagons, nzn_random_ring
Lair:4:   layout_roguey, minmay_shoals_entry_hut,
          nicolae_spider_entry_orb_guardian, serial_rivers,
          chequers_serial_rivers_room_b, chequers_serial_rivers_micro_c,
          chequers_serial_rivers_large_a, chequers_serial_rivers_small_b,
          chequers_serial_rivers_micro_e
Lair:5:   layout_cellular_growth, nicolae_slime_entry_slimehenge, serial_forest,
          infiniplex_forest_lined_room_, infiniplex_forest_clump_cross,
          infiniplex_forest_clump_small, infiniplex_forest_end_3,
          infiniplex_forest_lined_room_, infiniplex_forest_lined_2,
          infiniplex_forest_pool, infiniplex_forest_straight_4
Lair:6:   cheibrodos_lair_end_hotspot, layout_regular_city, serial_bayou_ford_a,
          infiniplex_staircase_pool_2
Shoals:1: layout_shoals, ebering_ghost_rock_garden
Shoals:2: cheibrodos_shoals_epimethial_gifts, layout_shoals,
          ebering_ghost_rock_garden, uniq_donald, uniq_ilsuiw
Shoals:3: layout_shoals, serial_shops, nicolae_take_the_stairs
Shoals:4: shoals_end_grunt_ice, layout_shoals, ebering_ghost_inner_flame
Spider:1: layout_chambers, hangedman_spider_tarantella_strand, uniq_louise,
          uniq_rupert, uniq_josephine
Spider:2: layout_cave_pods, guppyfry_hornet_nest, uniq_mlioglotl
Spider:3: layout_chambers, einodemon_crawler_minivault
Spider:4: spider_rune_water, uniq_arachne
Orc:1:    layout_caves, uniq_fannar
Orc:2:    st_orc_open, layout_diamond_mine
Vaults:1: nicolae_vaults_hallways_thing, ontoclasm_vaults_ligature,
          ontoclasm_vaults_idyll, ontoclasm_vaults_decontamination, v_misc_33,
          v_misc_18, grunt_vaults_trifunnel, hangedman_vaults_trim,
          hangedman_vaults_restitches, st_more_cells,
          ontoclasm_vaults_ring_small, layout_vaults_chaotic_city, serial_shops,
          nicolae_lakefront_shop, nicolae_diamond_shop,
          nicolae_shop_temple_entry_statues_fountains, nicolae_shop_trees, shop
Vaults:2: nicolae_vaults_stairing_the_circle, vaults_room_pools,
          hangedman_vaults_corner, nicolae_vaults_little_squares_6,
          ontoclasm_vaults_claustrophobia, nicolae_vaults_ring_of_whatevers,
          vaults_mumra_lcd, nicolae_vaults_asterisk, vaults_dpeg_encased_lava,
          st_smaller_cells, v_misc_16, ontoclasm_vaults_fault,
          nicolae_vaults_theta, layout_vaults_omnicross, serial_shops,
          nicolae_lakefront_shop
Vaults:3: minmay_crypt_entry_simple_plaza, vaults_room_pools,
          nicolae_vaults_back_hallway, vaults_standard_mumra_enter_the_diamond,
          nicolae_vaults_alarming, ontoclasm_vaults_ring_large,
          nicolae_vaults_asterisk, grunt_vaults_diagonal,
          vaults_room_semicircle, v_rooms_1, vaults_room_semicircle,
          nicolae_vaults_ring_of_whatevers, hangedman_vaults_maws,
          ontoclasm_vaults_shuriken, layout_vaults_maze_snakey, serial_shops,
          nicolae_shop_stone
Vaults:4: serial_ice_h, nicolae_vaults_an_arrangement,
          nicolae_vaults_little_squares_5, v_misc_12,
          nicolae_vaults_windows_and_doors_thing,
          nicolae_vaults_network_quincunx
          [nicolae_vaults_network_quincunx_subvault,
          nicolae_vaults_network_quincunx_subvault,
          nicolae_vaults_network_quincunx_subvault,
          nicolae_vaults_network_quincunx_subvault,
          nicolae_vaults_network_quincunx_subvault], vaults_room_octagon,
          ontoclasm_vaults_loading_screen, grunt_vaults_hallway_short,
          hangedman_vaults_impose, layout_vaults_omnigrid, serial_shops,
          nicolae_shop_behind_doors, nicolae_trove_entry_free_sample,
          uniq_margery
Vaults:5
Depths:1: layout_cave_shapes, hellmouth_3, nicolae_qazlal_style_of_elements,
          minmay_tree_intersection, kennysheep_vampire_church
Depths:2: cell_vault, layout_basic, rand_demon_pan_entry_4, grunt_metal_band,
          abyss_entry_glasseish, mu_enter_wizlab_6,
          chequers_serial_rivers_micro_e, minmay_staircase_bubble

Skill      XL: |  1  2  3  4  5  6  7  8  9 10 11 12 13 14 15 16 17 18 19 20 21 22 23 |
---------------+----------------------------------------------------------------------+-----
Spellcasting   | 4 5 6 7 8 10 12 15 17 19 20 21 | 21.4
Fighting       | 4 6 8 9 11 12 13 14 15 | 15.5
Armour         | 4 6 8 9 11 12 13 14 15 | 15.5
Dodging        | 5 7 9 11 12 13 14 15 16 | 16.8
Stealth        | 3 5 7 9 10 11 | 11.8
Shields        | 3 5 7 9 11 12 | 12.9

Action                   |  1- 3 |  4- 6 |  7- 9 | 10-12 | 13-15 | 16-18 | 19-21 | 22-24 || total
-------------------------+-------+-------+-------+-------+-------+-------+-------+-------++-------
Melee: Unarmed           |       |       |       |     1 |       |       |       |       ||     1
       Staff             |       |       |       |       |     1 |     1 |     7 |     4 ||    13
Throw: Dart              |       |       |       |     1 |       |       |       |       ||     1
 Cast: Magic Dart        |    72 |    87 |    39 |    41 |    49 |    31 |       |       ||   319
       Searing Ray       |       |     1 |       |       |     1 |       |       |       ||     2
       Fulminant Prism   |       |    10 |    45 |    57 |   193 |   243 |    97 |    72 ||   717
       Iskenderun's Myst |       |     6 |    35 |    39 |   129 |   199 |   218 |   132 ||   758
       Flame Wave        |       |       |       |     2 |    11 |       |       |       ||    13
       Summon Forest     |       |       |       |       |     9 |     4 |       |       ||    13
       Conjure Ball Ligh |       |       |       |       |     2 |     8 |     5 |     3 ||    18
       Tukima's Dance    |       |       |       |       |       |     5 |     2 |       ||     7
       Corpse Rot        |       |       |       |       |       |     1 |       |       ||     1
       Iron Shot         |       |       |       |       |       |    97 |   181 |   289 ||   567
       Statue Form       |       |       |       |       |       |       |    58 |    25 ||    83
       Enfeeble          |       |       |       |       |       |       |     5 |     5 ||    10
Invok: Curse Item        |       |       |       |     2 |     6 |     1 |       |       ||     9
       Shatter the Chain |       |       |       |       |     2 |       |       |       ||     2
Evoke: Phantom mirror    |       |       |       |       |       |       |       |     1 ||     1
  Use: Scroll            |       |       |     1 |     4 |     2 |     6 |     6 |    13 ||    32
       Potion            |       |       |       |     1 |       |     3 |       |    10 ||    14
Armor: Robe              |       |       |     1 |     7 |    14 |     1 |       |       ||    23
       Storm dragon scal |       |       |       |       |       |    73 |       |       ||    73
       Crystal plate arm |       |       |       |       |       |    16 |    25 |    69 ||   110
       Skin              |       |       |       |       |       |       |   166 |    72 ||   238
Dodge: Dodged            |     2 |     9 |    13 |    21 |    52 |    49 |   207 |   129 ||   482
Block: Buckler           |       |       |       |       |    37 |    59 |   153 |   155 ||   404
       Reflection        |       |       |       |       |    11 |    22 |    59 |    43 ||   135

Table legend: (Time is in decaauts)
 A = Elapsed time spent in this place.
 B = Non-inter-level travel time spent in this place.
 C = Inter-level travel time spent in this place.
 D = Time resting spent in this place.
 E = Time spent auto-exploring this place.
 F = Levels seen in this place.
 G = Mean time per level.
                   A        B        C        D        E       F      G
               +--------+--------+--------+--------+--------+-----+--------+
         Total |  52831 |  47491 |   5340 |  11842 |  26621 |  42 | 1257.9 |
       Dungeon |  20218 |  18470 |   1748 |   4803 |  11525 |  15 | 1347.9 |
        Temple |    266 |    182 |     84 |      0 |    163 |   1 |  266.0 |
          Lair |   9178 |   8340 |    838 |   2344 |   4768 |   6 | 1529.7 |
        Shoals |   3982 |   3541 |    441 |    876 |   1841 |   4 |  995.5 |
   Spider Nest |   4995 |   4351 |    644 |    597 |   2815 |   4 | 1248.8 |
  Orcish Mines |   1609 |   1345 |    264 |    217 |    707 |   2 |  804.5 |
        Vaults |  10377 |   9075 |   1302 |   2767 |   3678 |   5 | 2075.4 |
        Depths |   1373 |   1357 |     16 |    187 |    772 |   2 |  686.5 |
         Abyss |    232 |    232 |      0 |     49 |      0 |   1 |  232.0 |
         Trove |     65 |     65 |      0 |      0 |     47 |   1 |   65.0 |
      Gauntlet |    532 |    532 |      0 |      0 |    303 |   1 |  532.0 |
               +--------+--------+--------+--------+--------+-----+--------+

Top non-repeatable levels by time:
Vaults:4: 2626 daAuts
  Lair:3: 2554 daAuts
Vaults:5: 2270 daAuts
Vaults:1: 2122 daAuts
    D:10: 2007 daAuts
Vaults:2: 1769 daAuts
     D:6: 1661 daAuts
Vaults:3: 1589 daAuts
     D:4: 1557 daAuts
    D:11: 1557 daAuts
  Lair:1: 1538 daAuts
     D:3: 1534 daAuts
     D:5: 1530 daAuts
     D:7: 1503 daAuts
Spider:3: 1407 daAuts
